Map: Gresvan LE

Players

ReBellioN

  • Race: Protoss Protoss
  • League: Master
  • Spawn Location: 11:00

NORTHAMERICA - Winner!

  • Race: Protoss Protoss
  • League: Grandmaster
  • Spawn Location: 5:00

VOD

Have the link to the VOD?

Description

Time

  • Played on: Feb. 1, 2023, 4:46 a.m.
  • Length: 8:55
Show
View Real Time Build Order
Export as new Build Order

ReBellioN Protoss 

Build Orders: Blink Stalkers 

Get SALT Encoding   

  12  0:00  Probe  
  13  0:12  Probe  
  14  0:17  Pylon  
  14  0:24  Probe (Chrono Boost)  
  15  0:36  Probe (Chrono Boost)  
  15  0:37  Gateway  
  16  0:45  Probe (Chrono Boost)  
  17  0:50  Assimilator  
  17  0:51  Probe  
  17  0:55  Assimilator  
  18  1:03  Probe  
  19  1:08  Gateway  
  19  1:15  Probe (Chrono Boost)  
  20  1:22  Pylon  
  20  1:24  Probe (Chrono Boost)  
  21  1:30  Cybernetics Core  
  21  1:33  Probe  
  22  1:45  Probe  
  23  2:00  Probe  
  24  2:07  Adept x2  
  24  2:08  Warp Gate  
  28  2:17  Pylon  
  28  2:29  Probe  
  29  2:37  Adept x2  
  33  2:48  Nexus  
  33  2:53  Shield Battery  
  33  3:06  Probe  
  33  3:07  Sentry, Stalker  
  38  3:16  Twilight Council  
  38  3:18  Probe  
  38  3:41  Probe  
  38  3:48  Pylon, Blink (Chrono Boost)  
  38  3:53  Probe  
  39  4:00  Stalker x2  
  43  4:03  Probe  
  43  4:05  Probe  
  45  4:13  Pylon  
  38  4:24  Stalker x2  
  41  4:37  Gateway  
  41  4:42  Gateway  
  41  4:44  Probe  
  42  4:50  Stalker x2  
  46  4:55  Probe  
  47  5:05  Probe  
  48  5:15  Stalker x2  
  48  5:17  Probe  
  53  5:33  Stalker  
  52  5:37  Pylon  
  52  5:43  Stalker x2  
  56  5:51  Probe x2  
  56  5:56  Gateway  
  58  6:01  Stalker  
  58  6:02  Sentry  
  63  6:06  Sentry x2, Probe (Chrono Boost)  
  63  6:09  Probe (Chrono Boost)  
  70  6:19  Probe (Chrono Boost)  
  70  6:20  Probe (Chrono Boost)  
  70  6:21  Pylon  
  70  6:23  Pylon  
  70  6:40  Probe x2  
  70  6:47  Stalker x2, Adept x2  
  74  6:52  Assimilator, Probe  
  74  6:53  Forge  
  81  6:56  Probe  
  82  7:03  Pylon  
  82  7:04  Probe  
  81  7:12  Probe  
  82  7:17  Probe  
  82  7:19  Stalker x2  
  83  7:22  Robotics Facility  
  67  7:40  Photon Cannon  
  67  7:41  Stalker x3  
  73  7:45  Stalker x2  
  73  7:49  Pylon  
  75  8:05  Stalker x3  
  75  8:11  Stalker  
  76  8:21  Observer (Chrono Boost)  
  77  8:27  Stalker  
  77  8:31  Stalker  
  81  8:35  Zealot x3  
Show
View Real Time Build Order
Export as new Build Order

NORTHAMERICA Protoss - Winner!

Build Orders: Chargelot Immortal 

Get SALT Encoding   

  12  0:00  Probe  
  13  0:12  Probe  
  14  0:17  Pylon  
  14  0:25  Probe  
  15  0:37  Probe (Chrono Boost)  
  15  0:39  Gateway  
  16  0:48  Assimilator, Probe (Chrono Boost)  
  17  0:53  Probe (Chrono Boost)  
  17  0:56  Assimilator  
  18  1:03  Probe (Chrono Boost)  
  19  1:14  Probe (Chrono Boost)  
  19  1:15  Gateway  
  20  1:19  Probe (Chrono Boost)  
  21  1:27  Cybernetics Core  
  21  1:30  Probe  
  22  1:37  Pylon  
  22  1:42  Probe  
  23  1:55  Probe  
  24  2:01  Warp Gate (Chrono Boost)  
  24  2:04  Adept x2  
  24  2:07  Probe  
  29  2:15  Pylon  
  29  2:22  Probe  
  30  2:26  Pylon  
  30  2:34  Probe, Adept  
  30  2:35  Adept  
  35  2:54  Nexus  
  35  3:04  Adept  
  35  3:05  Adept  
  39  3:11  Pylon  
  39  3:29  Probe  
  39  3:32  Shield Battery  
  41  3:41  Probe (Chrono Boost)  
  41  3:44  Robotics Facility, Adept x2  
  45  3:53  Probe (Chrono Boost)  
  46  3:57  Probe (Chrono Boost)  
  46  3:59  Pylon  
  47  4:06  Sentry x2  
  47  4:07  Probe  
  47  4:08  Probe  
  53  4:19  Probe  
  53  4:20  Probe  
  51  4:32  Probe (Chrono Boost)  
  51  4:35  Forge, Stalker  
  51  4:37  Probe (Chrono Boost)  
  55  4:41  Probe (Chrono Boost)  
  55  4:43  Immortal  
  61  4:45  Probe (Chrono Boost)  
  61  4:49  Probe (Chrono Boost)  
  62  4:56  Probe (Chrono Boost)  
  62  4:57  Shield Battery  
  62  4:58  Pylon, Sentry  
  65  5:02  Probe (Chrono Boost)  
  65  5:03  Probe (Chrono Boost)  
  65  5:05  Assimilator  
  67  5:09  Protoss Ground Weapons Level 1  
  67  5:11  Probe  
  67  5:13  Probe  
  69  5:21  Twilight Council  
  69  5:22  Observer (Chrono Boost)  
  69  5:25  Probe  
  71  5:31  Stalker  
  73  5:38  Gateway  
  73  5:40  Gateway  
  71  5:43  Pylon  
  71  5:47  Photon Cannon  
  67  5:52  Assimilator  
  67  5:54  Charge (Chrono Boost)  
  65  5:57  Shield Battery  
  65  5:58  Immortal (Chrono Boost)  
  69  6:05  Probe  
  69  6:06  Probe  
  69  6:08  Pylon  
  71  6:17  Stalker x2  
  75  6:25  Probe  
  76  6:32  Probe, Immortal (Chrono Boost)  
  77  6:42  Zealot x4  
  83  6:50  Pylon  
  83  6:52  Dark Shrine  
  83  7:07  Immortal, Stalker x2  
  90  7:19  Zealot  
  90  7:20  Zealot  
  86  7:39  Nexus  
  86  7:44  Pylon  
  86  7:45  Gateway  
  86  7:46  Gateway, Immortal  
  86  7:51  Gateway  
  90  7:53  Gateway  
  90  7:58  Probe  
  90  8:03  Shield Battery  
  90  8:05  Dark Templar  
  93  8:06  Dark Templar  
  93  8:12  Templar Archives, Probe  
  92  8:20  Zealot x2  
  92  8:24  Probe  
  95  8:28  Probe  
  98  8:37  Probe  
  98  8:39  Dark Templar  
  98  8:40  Dark Templar  
  103  8:46  Zealot x2  
Tags
 
Add a new tag
Caveats
  • Supply blocks, unpowered buildings, or Contaminate may cause inaccurate times.
  • Supply counts are checked every 10 seconds.